 Dungeon Crawl Stone Soup version 0.27-a0-1242-ge70438ac7b (webtiles) character file.

Game seed: 17819518644900701558

38 Glokmah the Bolt Thrower (level 3, 0/22 HPs)
             Began as a Kobold Hunter on June 9, 2021.
             Slain by Robin
             ... wielding a +0 short sword
              (2 damage)
             ... on level 1 of the Dungeon.
             The game lasted 00:02:30 (1433 turns).

Glokmah the Bolt Thrower (Kobold Hunter)            Turns: 1433, Time: 00:02:30

Health: 0/22       AC:  6    Str:  9    XL:     3   Next: 65%
Magic:  3/3        EV: 13    Int: 12    God:
Gold:   31         SH:  0    Dex: 16    Spells: 2/2 levels left

rFire    + . .     SeeInvis .   a - +1 hand crossbow
rCold    . . .     Faith    .   (shield restricted)
rNeg     . . .     Spirit   .   k - +0 ring mail {rF+}
rPois    .         Reflect  .   (no helmet)
rElec    .         Harm     .   (no cloak)
rCorr    .         Rampage  .   (no gloves)
Will     .....                  e - +0 pair of boots
Stlth    ++........             h - amulet of magic regeneration
HPRegen  0.07/turn              (no ring)
MPRegen  0.33/turn              (no ring)

@: no status effects
A: small, no large weapons, nightstalker 3
a: no special abilities


You were on level 1 of the Dungeon.
You visited 1 branch of the dungeon, and saw 2 of its levels.

You collected 31 gold pieces.

Inventory:

Hand Weapons
 a - a +1 hand crossbow (weapon)
 b - a +0 short sword
Missiles
 d - 14 bolts (quivered ammo)
Armour
 e - a +0 pair of boots (worn)
 k - a +0 ring mail of fire resistance (worn)
Jewellery
 h - an amulet of magic regeneration (around neck)
Scrolls
 i - a scroll of teleportation {unknown}
 j - a scroll of magic mapping {unknown}
Potions
 f - a potion of haste {unknown}


   Skills:
 + Level 2.6 Fighting
 + Level 1.5 Short Blades
 * Level 5.4 Crossbows
 + Level 2.8 Dodging
 + Level 1.8 Stealth


You had 2 spell levels left.
You didn't know any spells.
Your spell library was empty.

Dungeon Overview and Level Annotations

Branches:
Dungeon (2/15)

Altars:

Shops:
D:1 =

Annotations:
D:1 Robin


Innate Abilities, Weirdness & Mutations

You are small and have problems with some larger weapons.
You are completely attuned to the shadows.


Message History

The goblin misses you. The goblin hits you but does no damage.
You hit the goblin.
You kill the goblin!
Robin throws the goblin at you! The goblin closely misses you.
You closely miss the goblin. Robin hits you but does no damage.
The goblin hits you with a +0 dagger.
You closely miss the goblin. Robin closely misses you.
The goblin hits you with a +0 dagger.
You hit the goblin.
The goblin is severely wounded.
The goblin hits you but does no damage. Robin hits you with a +0 short sword.
* * * LOW HITPOINT WARNING * * *
Unknown command.
Okay, then.
Blink to where?
Press: ? - help, Dir - move target
As you read the scroll labelled QOVVEUR JELUIQ, it crumbles to dust.
It was a scroll of blinking.
Robin throws the goblin at you!
a - a +1 hand crossbow (weapon)
Fire: 17 bolts
Press: ? - help, Q - select action Shift-Dir - straight line, f - goblin
Aim: a goblin, wielding a +0 dagger (severely wounded, strong, 61% to hit)
You shoot a bolt. The bolt barely misses the goblin.
The goblin misses you. The goblin hits you but does no damage.
Unknown command.
Fire: 16 bolts
Press: ? - help, Q - select action Shift-Dir - straight line, f/p - goblin
Aim: a goblin, wielding a +0 dagger (severely wounded, strong, 61% to hit)
You shoot a bolt. The bolt barely misses the goblin.
The goblin hits you with a +0 dagger.
* * * LOW HITPOINT WARNING * * *
Fire: 15 bolts
Press: ? - help, Q - select action Shift-Dir - straight line, f/p - goblin
Aim: a goblin, wielding a +0 dagger (severely wounded, strong, 61% to hit)
You shoot a bolt. The bolt closely misses the goblin.
The goblin no longer looks unusually strong.
The goblin hits you but does no damage. Robin closely misses you.
It was a potion of cancellation.
You feel magically purged. The goblin barely misses you.
Robin hits you with a +0 short sword.
You die...

#.####'####.####.###..###.......#
......).....# ##.###............#
#.######.#### #..#............###
#.# ##†## #.##.#.########## #.#
##...## #.##.#.# #.# ##.#.#.##
#.##.#.# #.# #.##..#.###.##.#.#
..# ##.##..###...#.#.# #.#
##.#.###...@....# #.#
#........g.g.###
#.#####.###........## #.......#
#>........#######
#######.###.(........)....#
#............>#####.#
###.##........# #.#
##.##........# #.#
#...#..#####.#####.#######


You could see Robin and a goblin.

Vanquished Creatures
  A dart slug (D:1)
  A bat (D:1)
  3 giant cockroaches (D:1)
  7 goblins (D:1)
  5 hobgoblins (D:1)
  7 jackals (D:1)
  2 ball pythons (D:1)
  2 kobolds (D:1)
  4 rats (D:1)
32 creatures vanquished.

Notes
Turn   | Place    | Note
-------+----------+-------------------------------------------
     0 | D:1      | Glokmah the Kobold Hunter began the quest for the Orb.
     0 | D:1      | Reached XP level 1. HP: 12/12 MP: 1/1
    96 | D:1      | Reached skill level 5 in Crossbows
    97 | D:1      | Reached XP level 2. HP: 8/18 MP: 2/2
   433 | D:1      | Reached skill level 1 in Short Blades
   515 | D:1      | Found a faded altar of an unknown god.
   564 | D:1      | Reached XP level 3. HP: 12/22 MP: 3/3
   971 | D:1      | Found Luteaz's Jewellery Emporium.
  1415 | D:2      | Noticed Robin
  1433 | D:1      | Slain by Robin

Illustrated notes

Levels and vault maps discovered:
D:1:      dpeg_arrival_arbitrary_b, layout_loops_ring, serial_shops, shop,
          hellmonk_ecumenical_altar_inner_sanctum, minmay_unequal
D:2:      layout_rooms, lemuel_another_geyser, uniq_robin

Skill      XL: |  1  2 |
---------------+-------+-----
Crossbows      | 5 |  5.4
Short Blades   | 1 |  1.5
Fighting       | |  2.6
Dodging        | |  2.8
Stealth        | |  1.8

Action                   || total
-------------------------++-------
Melee: Short sword       ||    65
 Fire: Hand crossbow     ||    42
  Use: Scroll            ||     1
       Potion            ||     1
 Stab: Sleeping          ||     2
Armor: Leather armour    ||    15
       Ring mail         ||    21
Dodge: Dodged            ||    65

Table legend: (Time is in decaauts)
 A = Elapsed time spent in this place.
 B = Non-inter-level travel time spent in this place.
 C = Inter-level travel time spent in this place.
 D = Time resting spent in this place.
 E = Time spent auto-exploring this place.
 F = Levels seen in this place.
 G = Mean time per level.
                   A        B        C        D        E       F      G
               +--------+--------+--------+--------+--------+-----+--------+
         Total |   1443 |   1404 |     39 |    262 |    822 |   2 |  721.5 |
       Dungeon |   1443 |   1404 |     39 |    262 |    822 |   2 |  721.5 |
               +--------+--------+--------+--------+--------+-----+--------+

Top non-repeatable levels by time:
     D:1: 1442 daAuts
     D:2: 1 daAuts
